 Dungeon Crawl Stone Soup version 0.23-a0-359-g9beedce (webtiles) character file.

1663 lemonriz the Carver (level 8, -2/71 HPs)
             Began as a Minotaur Fighter on Oct 23, 2018.
             Was a Believer of Yredelemnul.
             Killed from afar by Erica (18 damage)
             ... with an orb of energy
             ... on level 8 of the Dungeon.
             The game lasted 00:12:57 (5127 turns).

lemonriz the Carver (Minotaur Fighter)              Turns: 5127, Time: 00:12:59

Health: -2/71      AC: 12    Str: 22    XL:     8   Next: 69%
Magic:  9/9        EV:  6    Int:  5    God:    Yredelemnul [**....]
Gold:   405        SH: 10    Dex: 11    Spells: 7/7 levels left

rFire    . . .     SeeInvis +   a - +0 long sword
rCold    . . .     Gourm    .   c - +0 shield
rNeg     . . .     Faith    .   v - +0 chain mail
rPois    .         Spirit   .   (helmet restricted)
rElec    .         Reflect  .   (no cloak)
rCorr    +         Harm     .   C - +1 pair of gloves
MR       .....                  (no boots)
Stlth    ..........             t - amulet of regeneration
HPRegen  0.61/turn              n - ring of see invisible
MPRegen  0.11/turn              p - ring of resist corrosion

@: lethally poisoned (-2 -> -4)
A: retaliatory headbutt, horns 2
a: Animate Remains, Recall Undead Slaves, Injury Mirror, Renounce Religion


You were on level 8 of the Dungeon.
You worshipped Yredelemnul.
Yredelemnul was pleased with you.
You were not hungry.

You visited 2 branches of the dungeon, and saw 9 of its levels.

You collected 405 gold pieces.

Inventory:

Hand Weapons
 a - a +0 long sword (weapon)
Armour
 c - a +0 shield (worn)
 v - a +0 chain mail (worn)
 C - a +1 pair of gloves (worn)
Jewellery
 j - the ring "Owkuable" {Str+3 Stlth+}
   (You found it on level 9 of the Dungeon)

   [ring of stealth]

   It affects your strength (+3).
   It makes you more stealthy.
 m - an uncursed amulet of guardian spirit
 n - a ring of see invisible (left hand)
 p - a ring of resist corrosion (right hand)
 r - an uncursed ring of wizardry
 t - an amulet of regeneration (around neck)
Wands
 u - a wand of acid (7)
 y - a wand of iceblast (16)
Scrolls
 b - a scroll of blinking
 g - a scroll of amnesia
 h - a scroll of fear {unknown}
 i - 2 scrolls of teleportation
 l - 3 scrolls of enchant armour
 s - a scroll of immolation {unknown}
 B - a scroll of remove curse {unknown}
Potions
 d - a potion of might
 k - a potion of agility
 o - 2 potions of brilliance
 q - a potion of flight {unknown}
 w - 2 potions of curing
 x - a potion of haste
 z - a potion of berserk rage {unknown}
Comestibles
 f - 12 rations
 A - 11 chunks of flesh


   Skills:
 + Level 6.7 Fighting
 * Level 8.4 Long Blades
 + Level 6.7 Armour
 + Level 6.7 Shields
 - Level 3.0 Invocations


You had 7 spell levels left.
You didn't know any spells.
Your spell library contained the following spells:

 Spells                   Type           Power        Failure   Level  Hunger
 Magic Dart               Conj           #...         100%        1    ##.....
 Blink                    Tloc           N/A          100%        2    ###....
 Call Imp                 Summ           #.......     100%        2    ###....
 Slow                     Hex            #.......     100%        2    ###....
 Conjure Flame            Conj/Fire      #.......     100%        3    ####...
 Mephitic Cloud           Conj/Pois/Air  #.......     100%        3    ####...


Dungeon Overview and Level Annotations

Branches:
Dungeon (9/15)             Temple (1/1) D:6
   Lair: D:8-11         Orc: D:9-12

Altars:
Ashenzari
Cheibriados
Elyvilon
Hepliaklqana
Kikubaaqudgha
Makhleb
Nemelex Xobeh
Okawaru
Ru
Sif Muna
Trog
Uskayaw
Vehumet
Wu Jian
Xom
Yredelemnul
Zin
The Shining One

Shops:
D:8 }

Annotations:
D:8 Erica


Innate Abilities, Weirdness & Mutations

You reflexively headbutt those who attack you in melee.
You have a pair of horns on your head.


Message History

You hit Erica. You headbutt Erica.
Erica is severely wounded.
The shadow imp summons a swarm of flies.
Erica hits you with a +1 scimitar of flaming.
Erica burns you.
You barely miss Erica.
Erica is severely wounded.
You closely miss Erica. Your headbutt misses Erica.
Erica is severely wounded.
Erica casts a spell at you. The bolt of poison hits you!
You are poisoned.
* * * LOW HITPOINT WARNING * * *
Your shield and chain mail prevent you from hitting Erica.
Erica is severely wounded.
You feel sick. Erica gestures at you while chanting.
The orb of energy hits you!
You die...
Your body rises from the dead as a mindless zombie.

.....%.
.#.#.#.
.......
.#.#.#.
.......
.#.#.#.
#####......!
#.@@h5......
#.########.#
#.# #.# #.#
#.# #.# ##
##.# #.. .
#..# #.# #


You could see Erica, a black bear and a shadow imp.

Vanquished Creatures
  Eustachio (D:5)
  Edmund (D:4)
  A sky beast (D:6)
  A phantom (D:4)
  An ogre (D:5)
  A gnoll sergeant (D:6)
  A scorpion (D:5)
  A howler monkey (D:6)
  2 crimson imps
  A bullfrog zombie (D:6)
  3 hounds
  4 orc priests
  A jelly (D:6)
  4 orc wizards
  2 iguanas
  6 worker ants
  Natasha (thrice) (D:2)
  A hound skeleton (D:4)
  A howler monkey zombie (D:6)
  A worker ant zombie (D:5)
  3 gnolls (D:6)
  8 adders
  2 oozes
  3 dart slugs
  2 worms
  5 leopard geckos
  20 orcs
  A ball python (D:3)
  5 giant cockroaches
  5 goblins
  9 hobgoblins
  5 jackals
  7 kobolds
  A quokka (D:5)
  6 bats
  4 frilled lizards
  A jackal skeleton (D:5)
  A quokka skeleton (D:5)
  8 rats
133 creatures vanquished.

Vanquished Creatures (others)
  An orc wizard (D:3)
1 creature vanquished.

Grand Total: 134 creatures vanquished

Notes
Turn   | Place    | Note
-------+----------+-------------------------------------------
     0 | D:1      | lemonriz the Minotaur Fighter began the quest for the Orb.
     0 | D:1      | Reached XP level 1. HP: 19/19 MP: 0/0
    92 | D:1      | Reached XP level 2. HP: 25/27 MP: 1/1
   150 | D:1      | Reached skill level 3 in Long Blades
   527 | D:2      | Reached XP level 3. HP: 33/33 MP: 2/2
   648 | D:2      | Found a basalt altar of Yredelemnul.
   679 | D:2      | Became a worshipper of Yredelemnul the Dark
   772 | D:2      | Reached XP level 4. HP: 33/40 MP: 0/3
   782 | D:2      | Reached skill level 4 in Long Blades
  1028 | D:2      | Found a deep blue altar of Sif Muna.
  1110 | D:2      | Noticed Natasha
  1114 | D:2      | Killed Natasha
  1244 | D:2      | Noticed Natasha
  1250 | D:2      | Killed Natasha
  1250 | D:2      | Reached XP level 5. HP: 46/47 MP: 4/4
  1515 | D:2      | Noticed Natasha
  1525 | D:2      | Killed Natasha
  1747 | D:3      | Reached * piety under Yredelemnul
  1976 | D:3      | Reached skill level 5 in Long Blades
  1985 | D:3      | HP: 3/70 [poisoned by an adder]
  1990 | D:3      | HP: 2/70 [poisoned by an adder]
  1997 | D:3      | HP: 2/70 [poisoned by an adder]
  2411 | D:3      | Reached XP level 6. HP: 55/55 MP: 5/5
  2667 | D:4      | Reached skill level 5 in Fighting
  2667 | D:4      | Reached skill level 5 in Armour
  2667 | D:4      | Reached skill level 5 in Shields
  2667 | D:4      | Reached skill level 1 in Invocations
  2677 | D:4      | Noticed Edmund
  2766 | D:4      | Killed Edmund
  2766 | D:4      | Reached XP level 7. HP: 61/61 MP: 5/7
  2810 | D:4      | Got a smoking wooden ring
  2811 | D:4      | Identified the cursed ring "Asue" {MR+ Int-3} (You found it
                  | on level 4 of the Dungeon)
  2923 | D:4      | Reached skill level 6 in Long Blades
  3183 | D:5      | Entered Level 5 of the Dungeon
  3318 | D:5      | Reached ** piety under Yredelemnul
  3498 | D:5      | Found a hide-covered altar of Uskayaw.
  3853 | D:5      | Noticed Eustachio
  3910 | D:5      | Killed Eustachio
  3985 | D:5      | Reached skill level 7 in Long Blades
  3985 | D:5      | Reached XP level 8. HP: 37/70 MP: 8/8
  4195 | D:6      | Found a staircase to the Ecumenical Temple.
  4227 | Temple   | Entered the Ecumenical Temple
  4553 | D:6      | Found an ornate altar of the Wu Jian Council.
  4863 | D:6      | You fall through a shaft for 3 floors!
  4905 | D:9      | Got a faintly glowing amber ring
  4908 | D:9      | Identified the ring "Owkuable" {Str+3 Stlth+} (You found it
                  | on level 9 of the Dungeon)
  4916 | D:9      | Reached skill level 8 in Long Blades
  5026 | D:8      | Found an iron altar of Okawaru.
  5071 | D:8      | Found Pouman's Gadget Boutique.
  5115 | D:8      | Noticed Erica
  5127 | D:8      | Killed from afar by Erica

Vault maps used:
D:1:      scummos_arrival_forest, minmay_bisected
D:2:      cheibrodos_old_hovel, overflow_temple_1_default, lemuel_crystal_altar,
          first_ration, uniq_natasha
D:4:      uniq_edmund
D:5:      lemuel_coloured_pillars_altar, uniq_eustachio
D:6:      old_standard_altar, minmay_temple_entry_butterflies
D:8:      overflow_temple_1_default, grunt_qazlal_sundering, serial_shops, shop,
          kennysheep_mini, shop, kennysheep_little_box, shop, serial_glass,
          glass_columns_b, glass_columns_b, glass_columns_b, glass_columns_a,
          glass_columns_b, glass_columns_a, glass_columns_a, glass_columns_c,
          uniq_erica
D:9:      nicolae_overflow_hidden_temple, hangedman_ranch
Temple:   nicolae_temple_god_jail

Skill      XL: |  1  2  3  4  5  6  7  8 |
---------------+-------------------------+-----
Long Blades    | 3 4 5 7 8 |  8.4
Fighting       | 4 5 6 |  6.7
Armour         | 4 5 6 |  6.7
Shields        | 4 5 6 |  6.7
Invocations    | 1 2 3 |  3.0

Action                   |  1- 3 |  4- 6 |  7- 9 || total
-------------------------+-------+-------+-------++-------
Melee: Long sword        |    60 |   172 |   235 ||   467
       Headbutt          |    13 |    24 |    59 ||    96
       Unarmed           |       |     5 |       ||     5
Evoke: Wand              |       |       |     1 ||     1
  Use: Scroll            |       |     2 |    17 ||    19
       Potion            |       |     2 |       ||     2
  Eat: Chunk             |       |     6 |     8 ||    14
Armor: Scale mail        |    27 |    59 |       ||    86
       Skin              |       |    14 |       ||    14
       Chain mail        |       |       |    96 ||    96
Dodge: Dodged            |    20 |    45 |    41 ||   106
Block: Shield            |    31 |    75 |    94 ||   200
       Rpst.: Long sword |     5 |    11 |     9 ||    25

Table legend:
 A = Non-vault XP
 B = Vault XP
 C = Vault XP percentage of total XP
 D = Non-vault monster count
 E = Vault monster count
 F = Vault count percentage of total count
                 A         B        C        D         E       F
            +---------+---------+-------+---------+---------+-------
      Total |    1977 |     400 |  16.8 |     128 |       6 |   4.5
            +---------+---------+-------+---------+---------+-------
        D:1 |      32 |       4 |  11.1 |      18 |       2 |  10.0
        D:2 |     167 |      35 |  17.3 |      22 |       2 |   8.3
        D:3 |     150 |       0 |   0.0 |      29 |       0 |   0.0
        D:4 |     307 |     164 |  34.8 |      10 |       1 |   9.1
        D:5 |     402 |     197 |  32.9 |      15 |       1 |   6.2
        D:6 |     552 |       0 |   0.0 |      15 |       0 |   0.0
        D:8 |      61 |       0 |   0.0 |       8 |       0 |   0.0
        D:9 |     306 |       0 |   0.0 |      11 |       0 |   0.0
            +---------+---------+-------+---------+---------+-------
